 Dungeon Crawl Stone Soup version 0.26.1-2-gb8aa6d0 (webtiles) character file.

Game seed: 17811566367678425366

81 Nithhogg the Covered (level 4, -7/37 HPs)
             Began as a Barachi Fighter on Apr 1, 2021.
             Blown up by an orc (15 damage)
             ... with a disintegration bolt
             ... on level 3 of the Dungeon.
             The game lasted 00:04:13 (2343 turns).

Nithhogg the Covered (Barachi Fighter)              Turns: 2343, Time: 00:04:14

Health: -7/37      AC:  8    Str: 19    XL:     4   Next: 42%
Magic:  4/4        EV: 10    Int:  8    God:
Gold:   182        SH:  0    Dex: 11    Spells: 3/3 levels left

rFire    . . .     SeeInvis .   n - +1 whip (pain)
rCold    . . .     Faith    .   (no shield)
rNeg     . . .     Spirit   .   b - +0 scale mail
rPois    .         Reflect  .   (no helmet)
rElec    .         Harm     .   (no cloak)
rCorr    .         Rampage  .   j - +0 pair of gloves
Will     .....                  (no boots)
Stlth    ..........             (no amulet)
HPRegen  0.12/turn              (no ring)
MPRegen  0.09/turn              (no ring)

@: can't hop, very slightly contaminated, invisible, slow
A: +LOS, swims, slowness 1, strong legs 1
a: Hop


You were on level 3 of the Dungeon.
You visited 1 branch of the dungeon, and saw 3 of its levels.

You collected 182 gold pieces.

Inventory:

Hand Weapons
 a - a +0 war axe
 n - a +1 whip of pain (weapon)
Armour
 b - a +0 scale mail (worn)
 c - a +0 kite shield
 j - a +0 pair of gloves (worn)
Scrolls
 e - 2 scrolls of fear {unknown}
 h - a scroll of teleportation {unknown}
 k - 2 scrolls of immolation {unknown}
 l - 2 scrolls of amnesia {unknown}
 o - a scroll of identify {unknown}
 p - a scroll of enchant armour {unknown}
 q - a scroll of noise {unknown}
 s - a scroll of blinking {unknown}
Potions
 d - 2 potions of might
 g - a potion of heal wounds {unknown}
 i - a potion of magic {unknown}
 m - a potion of curing {unknown}
 r - a potion of haste {unknown}


   Skills:
 + Level 4.2 Fighting
 * Level 3.5 Axes
 + Level 4.2 Armour
 + Level 1.6 Dodging
 - Level 3.2 Shields


You had 3 spell levels left.
You didn't know any spells.
Your spell library contained the following spells:

 Spells                   Type           Power        Failure   Level
 Animate Skeleton         Necr           0%           77%         1
 Apportation              Tloc           0%           77%         1
 Corona                   Hex            0%           77%         1
 Summon Small Mammal      Summ           0%           77%         1


Dungeon Overview and Level Annotations

Branches:
Dungeon (3/15)

Altars:


Innate Abilities, Weirdness & Mutations

You can be seen from farther away. (+LOS)
You can swim through water.
You cover ground slowly.
You can hop short distances.


Message History

You are too injured to fight recklessly!
You are too injured to fight recklessly!
You are too injured to fight recklessly!
You are too injured to fight recklessly!
You are too injured to fight recklessly!
You are too injured to fight recklessly!
You are too injured to fight recklessly!
You are too injured to fight recklessly!
You are too injured to fight recklessly!
You are too injured to fight recklessly!
You are too injured to fight recklessly!
Hop to where?
Press: ? - help, Dir - move target Boing!
The orc zaps a wand.
You are blasted!
* * * LOW HITPOINT WARNING * * *
It was a potion of invisibility.
You fade into invisibility!
You are very lightly contaminated with residual magic.
The orc zaps a wand.
You are blasted!
You die...

#.##......PPP
#.....##♣♣♣
#..##.# #...#.#
#######.#.#.#
#...........#
#.#####.....#####
#. #.........# #.
#@...>....#. ..
#........... ..
#........... ##.
#........... #.
##.$.........
#+####..P.#.......
.......♣o.[......
........P.#.#####.
........P.#.#


You could see an orc.

Vanquished Creatures
  2 adders (D:2)
  2 oozes (D:1)
  2 worms (D:2)
  2 dart slugs
  A leopard gecko (D:1)
  8 bats
  2 giant cockroaches
  6 goblins
  3 hobgoblins
  2 jackals (D:2)
  5 kobolds
  2 frilled lizards
  5 rats
42 creatures vanquished.

Notes
Turn   | Place    | Note
-------+----------+-------------------------------------------
     0 | D:1      | Nithhogg the Barachi Fighter began the quest for the Orb.
     0 | D:1      | Reached XP level 1. HP: 18/18 MP: 1/1
   309 | D:1      | Reached XP level 2. HP: 25/25 MP: 2/2
   613 | D:1      | Reached skill level 1 in Dodging
   665 | D:1      | Reached XP level 3. HP: 20/30 MP: 3/3
  1465 | D:2      | Reached XP level 4. HP: 29/37 MP: 4/4
  2343 | D:3      | Blown up by an orc

Illustrated notes

Levels and vault maps discovered:
D:1:      nagdon_arrival_double_spiral, layout_basic
D:2:      layout_loops_ring, lemuel_old_faithful
D:3:      layout_basic, serial_forest, infiniplex_forest_clump_curved,
          infiniplex_forest_straight_4, infiniplex_forest_join,
          infiniplex_forest_clump_double, infiniplex_forest_clump_tiny,
          infiniplex_forest_end_2, infiniplex_forest_straight_2,
          infiniplex_forest_straight_2, grunt_decor_fettered

Skill      XL: |  1  2  3 |
---------------+----------+-----
Dodging        | 1 |  1.6
Axes           | 3 |  3.5
Fighting       | 4 |  4.2
Armour         | 4 |  4.2
Shields        | |  3.2

Action                   |  1- 3 |  4- 6 || total
-------------------------+-------+-------++-------
Melee: War axe           |    70 |       ||    70
       Whip              |    33 |    46 ||    79
 Abil: Hop               |       |     1 ||     1
  Use: Potion            |       |     1 ||     1
Armor: Scale mail        |    55 |    37 ||    92
Dodge: Dodged            |    63 |    33 ||    96
